 Dungeon Crawl Stone Soup version 0.18.1-1-g2f07953 (webtiles) character file.

1973 LORDOFBUTT the Covert (level 9, 0/44 HPs)
             Began as a Spriggan Assassin on May 6, 2016.
             Slain by a gnoll
             ... wielding a +0 spear
              (5 damage)
             ... on level 7 of the Dungeon.
             The game lasted 00:12:52 (7661 turns).

LORDOFBUTT the Covert (Spriggan Assassin)           Turns: 7661, Time: 00:12:53

Health: 0/44       AC:  3    Str:  7    XL:     9   Next: 0%
Magic:  0/10       EV: 27    Int: 13    God:
Gold:   250        SH:  0    Dex: 20    Spells: 0 memorised, 8 levels left

rFire  x . .     SeeInvis +     k - +2 dagger (drain)
rCold  + . .     Gourm    .     c - +0 robe
rNeg   . . .     Faith    .     (shield restricted)
rPois  .         Spirit   +     (helmet restricted)
rElec  .         Dismiss  .     d - +0 cloak
rCorr  +         Reflect  .     (gloves unavailable)
SustAt .         Harm     .     (boots unavailable)
MR     +....                    l - amulet of guardian spirit
Stlth  ++++++....               w - ring of ice
                                i - ring of resist corrosion

@: about to teleport, drained, very quick, somewhat resistant to hostile
enchantments, very stealthy
A: unfitting armour, see invisible, herbivore 3, speed 3, slow metabolism 2
a: no special abilities


You were on level 7 of the Dungeon.
You were not hungry.

You visited 1 branch of the dungeon, and saw 7 of its levels.

You collected 250 gold pieces.

Inventory:

Hand Weapons
 b - a +0 blowgun
 k - a +2 dagger of draining (weapon)
 t - a +1 dagger of venom
Missiles
 e - 6 poisoned needles
Armour
 c - a +0 robe (worn)
 d - a +0 cloak (worn)
Jewellery
 i - a ring of resist corrosion (left hand)
 l - an amulet of guardian spirit (around neck)
 w - a ring of ice (right hand)
Wands
 u - a wand of polymorph (9/24)
 y - a wand of flame (19/48)
 C - a wand of digging (16/24)
Scrolls
 h - 5 scrolls of recharging
 j - 3 scrolls of magic mapping {unknown}
 o - a scroll of random uselessness {unknown}
 p - 3 scrolls of identify
 q - a scroll of blinking {unknown}
 r - 3 scrolls of teleportation
 s - 2 scrolls of remove curse {unknown}
Potions
 a - a potion of heal wounds {unknown}
 m - 4 potions of might
 n - a potion of flight
 v - a potion of resistance {unknown}
 A - a potion of ambrosia {unknown}
 B - a potion of haste
Comestibles
 g - 4 bread rations
 x - a slice of pizza
 z - 2 royal jellies


   Skills:
 - Level 3.1(3.0) Fighting
 + Level 4.4(4.3) Short Blades
 + Level 2.2(2.1) Throwing
 + Level 10.1(10.0) Dodging
 - Level 13.0(12.9) Stealth


You had 8 spell levels left.
You didn't know any spells.

Dungeon Overview and Level Annotations

Branches:
Dungeon (7/15)             Temple (0/1) D:5

Altars:
Dithmenos
Elyvilon
Fedhas
Kikubaaqudgha
Okawaru
Ru
Trog

Shops:
D:4 =   D:5 %


Innate Abilities, Weirdness & Mutations

You are tiny and cannot use many weapons and most armour.
You have supernaturally acute eyesight.
You are a herbivore.
You cover ground extremely quickly.
You need consume almost no food.


Message History

Read which item? (? for menu, Esc to quit)
As you read the scroll labeled GAACSUXYTO, it crumbles to dust.
You feel strangely unstable.
It was a scroll of teleportation.
The giant frog closely misses you. The gnoll misses you.
The hound barely misses you.
The crimson imp disappears for a moment.
The crimson imp misses you. The orc barely misses you.
You hit the giant frog.
The giant frog is lightly wounded.
The giant frog closely misses you. The hound completely misses you.
The gnoll hits you from afar with a spear.
* * * LOW HITPOINT WARNING * * *
The crimson imp misses you.
The orc wizard casts a spell.
The orc wizard seems to speed up.
The giant frog hits you.
* * * LOW HITPOINT WARNING * * *
The orc misses you. The hound closely misses you.
The gnoll hits you from afar with a spear!
You die...

########## #........#
######... #........#
##@Fa.....
#........#####h.#l.....
#........#..zg.#5oo....
#.....z....#####ho.#...
######.#.#### o......
#..z.....# .......
..####.#g# Z..o... ###
#[#... . .....## .#
#.###... ......


You could see a giant frog, 2 hounds, a worker ant, a wight, 2 orc wizards, a
gnoll, a crimson imp, 2 orcs, a giant newt and a giant frog skeleton.

Vanquished Creatures
  Grinder (D:4)
  Eustachio (D:4)
  The ghost of Leenarva the Conjurer, an amateur DECj (D:3)
  Duvessa (D:4)
  An orc warrior (D:6)
  An ogre (D:7)
  A centaur (D:4)
  2 giant frogs (D:6)
  Dowan (D:4)
  A scorpion (D:4)
  2 jellies
  2 howler monkeys
  2 crimson imps (D:6)
  A centaur zombie (D:5)
  A giant frog zombie (D:6)
  4 hounds
  3 giant frog skeletons (D:4)
  2 orc wizards (D:6)
  An iguana (D:4)
  3 worker ants
  A worker ant zombie (D:5)
  8 gnolls
  9 adders
  An ooze (D:4)
  An adder skeleton (D:6)
  4 worms
  A dart slug (D:2)
  2 giant geckos
  17 orcs
  10 bats
  4 giant cockroaches
  13 goblins
  10 hobgoblins
  2 jackals (D:2)
  12 kobolds
  4 quokkas
  2 giant newts
  6 rats
139 creatures vanquished.

Notes
Turn   | Place    | Note
--------------------------------------------------------------
     0 | D:1      | LORDOFBUTT the Spriggan Assassin began the quest for the Orb.
     0 | D:1      | Reached XP level 1. HP: 10/10 MP: 2/2
    72 | D:1      | Reached skill level 6 in Stealth
   360 | D:1      | Reached XP level 2. HP: 14/14 MP: 3/3
   924 | D:2      | Reached skill level 7 in Stealth
   955 | D:2      | Reached XP level 3. HP: 12/18 MP: 4/4
  1834 | D:3      | Reached XP level 4. HP: 15/23 MP: 5/5
  1846 | D:3      | Found a sacrificial altar of Ru.
  2103 | D:3      | Noticed Leenarva's ghost (amateur DECj)
  2356 | D:3      | Killed Leenarva's ghost
  2356 | D:3      | Reached skill level 8 in Stealth
  2356 | D:3      | Reached XP level 5. HP: 11/26 MP: 6/6
  2979 | D:4      | Noticed Eustachio
  3029 | D:4      | Killed Eustachio
  3029 | D:4      | Reached skill level 9 in Stealth
  3029 | D:4      | Reached XP level 6. HP: 11/30 MP: 7/7
  3244 | D:4      | You fall through a shaft for 2 floors!
  3295 | D:5      | Entered Level 5 of the Dungeon
  3597 | D:5      | Found a white marble altar of Elyvilon.
  3657 | D:5      | Reached skill level 5 in Dodging
  3674 | D:5      | Reached skill level 10 in Stealth
  4043 | D:5      | Found Nanoin's Food Shop.
  4046 | D:5      | Reached XP level 7. HP: 35/35 MP: 8/8
  4077 | D:4      | Found Aqusuepp's Jewellery Emporium.
  4148 | D:4      | Noticed Duvessa
  4151 | D:4      | Noticed Dowan
  4158 | D:4      | Killed Duvessa
  4158 | D:4      | Reached skill level 11 in Stealth
  4179 | D:4      | HP: 1/35 [Dowan/shard of ice (10)]
  4190 | D:4      | Killed Dowan
  4749 | D:4      | Reached XP level 8. HP: 17/39 MP: 5/9
  5027 | D:4      | Noticed Grinder
  5036 | D:4      | Killed Grinder
  5036 | D:4      | Reached skill level 12 in Stealth
  5157 | D:5      | Found a shadowy altar of Dithmenos.
  5285 | D:5      | Found a blossoming altar of Fedhas.
  5568 | D:5      | Found a staircase to the Ecumenical Temple.
  5671 | D:5      | Found a bloodstained altar of Trog.
  5729 | D:6      | Found an iron altar of Okawaru.
  6143 | D:6      | Found an ancient bone altar of Kikubaaqudgha.
  6330 | D:6      | Reached skill level 13 in Stealth
  7528 | D:6      | HP: 1/40 [wight/falchion (3)]
  7627 | D:7      | Reached skill level 10 in Dodging
  7627 | D:7      | Reached XP level 9. HP: 8/44 MP: 5/10
  7661 | D:7      | Slain by a gnoll

Skill      XL: |  1  2  3  4  5  6  7  8 |
---------------+-------------------------+-----
Stealth        | 6 7 8 9 10 11 13 | 13.0
Dodging        | 2 3 4 5 7 10 | 10.1
Fighting       | 2 3 |  3.1
Short Blades   | 3 4 |  4.4
Throwing       | |  2.2

Action                   |  1- 3 |  4- 6 |  7- 9 || total
-------------------------+-------+-------+-------++-------
Melee: Dagger            |    97 |    94 |   642 ||   833
 Fire: Blowgun           |       |       |    11 ||    11
  Use: Scroll            |     6 |       |     1 ||     7
       Potion            |       |     2 |     1 ||     3
 Stab: Sleeping          |    17 |     7 |    31 ||    55
       Distracted        |       |     1 |       ||     1
  Eat: Bread ration      |       |     1 |       ||     1
       Fruit             |       |     1 |       ||     1
Armor: Robe              |     8 |     7 |    21 ||    36
Dodge: Dodged            |    61 |    92 |   468 ||   621
